 Dungeon Sprint DCSS version 0.05-5-g1455f61281 (webtiles) character file.

Game seed: 382992157839384256, levelgen mode: deterministic

796 diana the Geomancer (level 7, -1/55 HPs) Octopode Earth Elementalist. Began on May 27, 2021. Was an Elder of Vehumet. Slain by a merfolk ... wielding a +0 trident (9 damage) ... in the Dungeon (Sprint V: "Ziggurat Sprint"). The game lasted 00:03:36 (206 turns).

diana the Geomancer (Octopode Earth Elementalist)    Turns: 206, Time: 00:03:37

Health: -1/55      AC:  1    Str: 17    XL:     7 ^: 61
Magic:  19/19      EV: 21    Int: 29    God:    Vehumet [4* [101]]
Gold:   0          SH:  0    Dex: 23    Spells: 10/23 levels left

rFire    + + .     Vision   .   D - +7 great mace "Firestarter" {inner flame, rF++}
rCold    . . .     Gourm    .   (no weapon)
rNeg     . . .     Faith    .   (helmet restricted)
rPois    .         Spirit   .   (no amulet)
rElec    .         Reflect  .   s - ring of dexterity
rCorr    .         Harm     .   t - ring of dexterity
MR       .....     NoTele   +   u - ring of intelligence
Stlth    +++++.....             v - ring of intelligence
HPRegen  0.28/turn              w - ring of strength
MPRegen  0.29/turn              x - ring of strength
                                (no ring)
                                (no ring)

@: no status effects
A: almost no armour, stealthy swim, gelatinous body, amphibious, 8 rings,
constrict 8, camouflage 1, AC +1
a: Renounce Religion


You were in the Dungeon.
You worshipped Vehumet.
Vehumet was greatly pleased with you.
You were not hungry.

You visited 1 branch

Inventory:

Weapons
 D - the +7 great mace "Firestarter" (weapon) {inner flame, rF++}
   (You found it in the Dungeon)

   Its malleable surface is completely molten, allowing it to meld around and
   partially ignore armour.
   Causes less base damage than a standard weapon; but partially ignores enemy's
   defense and burns causing additional damage to those that don't resist heat.
   It greatly protects you from fire.
Magical Staves
 E - the +6 Majin-Bo {vampiric, corrupt archmagi; MP+6 Int+6}
   (You found it in the Dungeon)

   [staff of ]

   Base accuracy: +5 Base damage: 5 Base attack delay: 1.2 This weapon's minimum
   attack delay (0.6) is reached at skill level 12.
   The minimum and maximum damage of damaging spells cast with this staff are
   significantly increased.
   It falls into the 'Staves' category.
   It is one handed.
   Its enchantment grants additive spellpower to the spells it enhances.
Jewellery
 s - a ring of dexterity (left tentacle)
 t - a ring of dexterity (right tentacle)
 u - a ring of intelligence (on tentacle)
 v - a ring of intelligence (on tentacle)
 w - a ring of strength (on tentacle)
 x - a ring of strength (on tentacle)
Wands
 y - a wand of disintegration (7)
 z - a wand of iceblast (7)
 A - a wand of acid (7)
Scrolls
 h - 4 scrolls of blinking
 n - 4 scrolls of amnesia
 o - 7 scrolls of fog
 p - a scroll of holy word
 q - 5 scrolls of bless item
 r - a scroll of fear
Potions
 a - 2 potions of brilliance
 c - 10 potions of curing
 d - 10 potions of heal wounds
 e - 6 potions of haste
 f - 7 potions of magic
 g - 3 potions of berserk rage
 i - 2 potions of invisibility
 j - 4 potions of resistance
 l - 5 potions of agility
 m - 5 potions of might
Miscellaneous
 k - a lamp of fire
 B - a lightning rod (1/4)
 C - a crystal ball of energy
Comestibles
 b - 7 rations


   Skills:
 + Level 8.1 Fighting
 + Level 8.1 Maces & Staves
 + Level 8.6 Dodging
 - Level 2.6 Stealth
 + Level 8.6 Spellcasting
 - Level 1.1 Transmutations
 + Level 8.9 Earth Magic
 + Level 2.6 Evocations


You had 10 spell levels left.
You knew the following spells:

 Your Spells              Type           Power        Failure   Level  Hunger
a - Sandblast             Erth           50 (50)      1%          1    None
b - Lee's Rapid Deconstr  Erth           59 (200)     1%          5    ####...
c - Petrify               Tmut/Erth      41 (100)     5%          4    #......
d - Stone Arrow           Erth           50 (50)      1%          3    None

Your spell library contained the following spells:

 Spells                   Type           Power        Failure   Level  Hunger
 Foxfire                  Fire           12 (25)      1%          1    None
 Passwall                 Tmut/Erth      41 (120)     1%          2    None
 Searing Ray              Fire           12 (50)      1%          2    None
 Throw Frost              Ice            12 (50)      1%          2    None
 Force Lasso              Tloc/Erth      38 (200)     1%          4    #......
 Methodical Deconstructi  Erth           59 (200)     3%          5    ####...


Dungeon Overview and Level Annotations

Branches:
Dungeon (1/1)

Altars:
Ashenzari
Cheibriados
Dithmenos
Elyvilon
Fedhas Madash
Gozag Ym Sagoz
Hepliaklqana
Kikubaaqudgha
Makhleb
Nemelex Xobeh
Okawaru
Qazlal
Ru
Sif Muna
Trog
Uskayaw
Vehumet
Wu Jian
Xom
Yredelemnul
Zin
The Shining One Bahamut & Tiamat
Beogh
Jiyva
Lugonu

Annotations:
D 1 transporter


Innate Abilities, Weirdness & Mutations

You cannot wear most types of armour.
You are very stealthy in the water. (Stealth+)
Your gelatinous body helps endure attacks. (AC+1 EV+1)
Your is resilient. (AC +1)
You are amphibious.
You can wear up to eight rings at the same time.
You can use your tentacles to constrict five enemies at once.
Your skin changes colour to match your surroundings (Stealth++).


Message History

The thunderbolt hits the merfolk (11)!
The merfolk is heavily wounded. (28/57) HP The thunderbolt hits the merfolk (8)!
The merfolk is moderately wounded. (41/55) HP The thunderbolt hits the merfolk (9)!
The merfolk is moderately wounded. (40/56) HP The thunderbolt hits the merfolk (12)!
The merfolk is moderately wounded. (32/53) HP The thunderbolt hits the merfolk (7)!
The merfolk is moderately wounded. (41/57) HP The merfolk hits you from afar with a +0 trident (9)!
The merfolk hits you from afar with a +0 trident (14)!
The merfolk misses you (0).
The merfolk hits you from afar with a +0 trident (24)!!
* * * LOW HITPOINT WARNING * * *
As you read the scroll of fear, it crumbles to dust.
You assume a fearsome visage.
The merfolk looks frightened! x4
The merfolk resists with some effort.
The merfolk hits you from afar with a +0 trident (9)!
You die...

▓..©..▓..©..▓▓▓▓▓▓▓
▓▓▓▓▓▓▓▓▓▓▓▓▓▓▓▓▓▓▓
▓...©8...▓..8©8...▓
▓..)[[...▓..[|}...▓
▓...)....▓..|m:...▓
▓........▓..m.....▓
▓........▓.mm.m...▓
▓.▓.††.▓.▓.▓....▓.▓
▓...©....▓...@....▓
▓▓▓▓▓▓▓▓▓▓▓▓▓▓▓▓▓▓▓


You could see 5 merfolk.

Vanquished Creatures
  A spriggan (D)
  A porcupine (D)
  2 hell hounds (D)
  2 black bears (D)
  A wolf (D)
  A crimson imp (D)
  An iguana (D)
  An iron imp (D)
  An adder skeleton (D)
  An adder zombie (D)
  A jackal (D)
13 creatures vanquished.

Notes
Turn   | Place    | Note
-------+----------+-------------------------------------------
     0 | D        | diana the Octopode Earth Elementalist began the quest for
                  | the Orb.
     0 | D        | Reached XP level 1. HP: 11/11 MP: 3/3
     0 | D        | Found a shimmering blue altar of Sif Muna.
     0 | D        | Found a sacrificial altar of Ru.
     0 | D        | Found a bloodstained altar of Trog.
     0 | D        | Found a stormy altar of Qazlal.
     0 | D        | Found an iron altar of Okawaru.
     0 | D        | Found a sparkling altar of Nemelex Xobeh.
     0 | D        | Found a blossoming altar of Fedhas.
     1 | D        | Found the +6 Majin-Bo {vampiric, corrupt archmagi; MP+6
                  | Int+6}
     1 | D        | Found the +9 ballista "Sniper" {velocity, Acc+∞ +Vis}
     1 | D        | Found the +10 dark maul {crush}
     1 | D        | Found the +15 Maxwell's patent armour {-Cast -Tele rElec
                  | MR+ rCorr}
     1 | D        | Found the +18 shield of the Gong {rElec rN+ MR+ EV-5}
     1 | D        | Found the +14 obsidian axe {chop, +Fly +Vis Soulbond}
     1 | D        | Found the +7 great mace "Firestarter" {inner flame, rF++}
     1 | D        | Found the +6 shillelagh "Devastator" {shatter}
     1 | D        | Found the +11 plutonium sword {*Contam Stlth-}
     1 | D        | Found the +8 lance "Wyrmbane" {slay drac, rPois rF+ rC+
                  | AC+3}
     1 | D        | Found the +9 sword of Zonguldrok {reap}
     1 | D        | Found the +13 scythe of Curses {drain, Soulbond}
     1 | D        | Found the +0 sword of Power
     1 | D        | Found the +7 mace of Variability {chain chaos}
     1 | D        | Found the +7 Singing Sword {slice, sonic wave}
     1 | D        | Found the +8 storm bow {elec, penet}
     2 | D        | Found a transporter.
     2 | D        | Found an ancient bone altar of Kikubaaqudgha.
     2 | D        | Found a viscous altar of Jiyva.
     2 | D        | Found a corrupted altar of Lugonu.
     2 | D        | Found a hazy altar of Hepliaklqana.
     2 | D        | Found a burning altar of Makhleb.
     2 | D        | Found an opulent altar of Gozag.
    41 | D        | Became a worshipper of Vehumet
    66 | D        | Reached XP level 2. HP: 21/21 MP: 4/7
    86 | D        | Entered arena 2.
    86 | D        | Found a transporter.
    89 | D        | Reached skill level 5 in Earth Magic
   110 | D        | Entered arena 3.
   110 | D        | Noticed a porcupine
   110 | D        | Found a transporter.
   111 | D        | Found the +1 cloak of Starlight {rElec rC+ EV+4 Stlth--}
   112 | D        | Killed a porcupine
   112 | D        | Reached * piety under Vehumet
   112 | D        | Offered knowledge of Foxfire by Vehumet.
   112 | D        | Reached skill level 5 in Fighting
   112 | D        | Reached skill level 5 in Maces & Staves
   112 | D        | Reached skill level 5 in Dodging
   112 | D        | Reached skill level 5 in Spellcasting
   112 | D        | Reached XP level 3. HP: 29/29 MP: 8/10
   112 | D        | Reached XP level 4. HP: 35/35 MP: 8/11
   112 | D        | Reached XP level 5. HP: 39/39 MP: 9/13
   125 | D        | Learned a level 5 spell: Lee's Rapid Deconstruction
   130 | D        | Learned a level 4 spell: Petrify
   134 | D        | Learned a level 3 spell: Stone Arrow
   135 | D        | Entered arena 4.
   135 | D        | Noticed a spriggan
   135 | D        | Noticed a black bear
   135 | D        | Noticed a black bear
   135 | D        | Noticed a wolf
   135 | D        | Found a transporter.
   138 | D        | Killed a wolf
   138 | D        | Reached ** piety under Vehumet
   138 | D        | Offered knowledge of Searing Ray by Vehumet.
   138 | D        | Reached XP level 6. HP: 46/46 MP: 13/15
   139 | D        | Killed a spriggan
   139 | D        | Reached XP level 7. HP: 54/54 MP: 18/18
   139 | D        | Offered knowledge of Throw Frost by Vehumet.
   139 | D        | Reached *** piety under Vehumet
   160 | D        | Entered arena 5.
   160 | D        | Found a transporter.
   161 | D        | Offered knowledge of Force Lasso by Vehumet.
   165 | D        | Reached **** piety under Vehumet
   202 | D        | Entered arena 6.
   202 | D        | Identified the cursed amulet "Pajiexum" {Gourm Str+4,
                  | (Curse: Fragile)}
   202 | D        | Noticed a merfolk
   202 | D        | Noticed a merfolk
   202 | D        | Noticed a merfolk
   202 | D        | Noticed a merfolk
   202 | D        | Noticed a merfolk
   202 | D        | Found a transporter.
   206 | D        | Slain by a merfolk

Levels and vault maps discovered:
D:        sprint_v [room_start, room_1, room_2, room_3, room_4, room_5, room_6,
          room_7, room_8, room_9, room_10, room_11, room_12, room_13, room_14,
          room_15, room_16, room_17, room_18, room_19, room_20, room_21,
          room_22, room_23, room_24, room_25, room_26, room_27]

Skill      XL: |  1  2  3  4  5  6  7 |
---------------+----------------------+-----
Fighting       | 3 5 6 7 8 |  8.1
Maces & Staves | 3 5 6 7 8 |  8.1
Dodging        | 4 5 6 7 8 |  8.6
Spellcasting   | 4 5 6 7 8 |  8.6
Earth Magic    | 4 6 7 8 |  8.9
Evocations     | 2 |  2.6
Stealth        | |  2.6
Transmutations | |  1.1

Action                   |  1- 3 |  4- 6 |  7- 9 || total
-------------------------+-------+-------+-------++-------
Melee: Great mace        |     1 |     1 |     2 ||     4
 Cast: Sandblast         |     3 |       |       ||     3
       Stone Arrow       |       |       |     2 ||     2
       Lee's Rapid Decon |       |       |     1 ||     1
Evoke: Lightning rod     |     1 |     4 |     4 ||     9
  Use: Potion            |     1 |       |       ||     1
       Scroll            |       |       |     1 ||     1
Dodge: Dodged            |     1 |     2 |     3 ||     6
